 Dungeon Crawl Stone Soup version 0.30-a0-377-g5cb311bc9f (webtiles) character file.

Game seed: 14040930034147631633

186 zishaf the Gusty (level 5, 0/32 HPs)
             Began as a Tengu Air Elementalist on Nov 30, 2022.
             Killed by their own static electricity (4 damage)
             ... in a sewer.
             The game lasted 00:04:46 (3570 turns).

zishaf the Gusty (Tengu Air Elementalist)           Turns: 3570, Time: 00:04:47

Health: 0/32       AC:  2    Str:  8    XL:     5   Next: 66%
Magic:  2/9        EV: 14    Int: 17    God:
Gold:   78         SH:  0    Dex: 15    Spells: 5/8 levels left

rFire   . . .      SeeInvis .    o - +3 war axe
rCold   . . .      Faith    .    (no shield)
rNeg    . . .      Spirit   .    a - +0 robe
rPois   .          Reflect  .    (helmet restricted)
rElec   .          Harm     .    (no cloak)
rCorr   .          Rampage  .    (no gloves)
Will    .....                    (boots unavailable)
Stlth   ++........               (no amulet)
HPRegen 0.25/turn                (no ring)
MPRegen 0.11/turn                (no ring)

@: flying quickly and evasively, quick
A: beak, talons 3, nimble flight
a: no special abilities


You were in a sewer.
You visited 1 branch of the dungeon, and saw 3 of its levels.
You also visited: Sewer.

You collected 117 gold pieces.
You spent 39 gold pieces at shops.

Inventory:

Hand Weapons
 o - a +3 war axe (weapon)
Armour
 a - a +0 robe (worn)
Scrolls
 d - 5 scrolls of identify {unknown}
 e - a scroll of blinking {unknown}
 f - 2 scrolls of summoning {unknown}
 g - 2 scrolls of teleportation
 h - a scroll of immolation {unknown}
 i - a scroll of poison {unknown}
Potions
 b - 2 potions of magic
 c - 3 potions of heal wounds {unknown}
 j - a potion of mutation {unknown}
 k - a potion of ambrosia {unknown}
 l - 3 potions of curing {unknown}
 m - a potion of lignification {unknown}
 n - a potion of invisibility {unknown}
 p - 2 potions of attraction {unknown}
 q - a potion of might {unknown}


   Skills:
 + Level 2.8 Fighting
 - Level 2.1 Dodging
 - Level 2.0 Stealth
 - Level 2.0 Spellcasting
 + Level 4.1 Conjurations
 + Level 5.7 Air Magic


You had 5 spell levels left.
You knew the following spells:

 Your Spells              Type           Power      Damage    Failure   Level
a - Shock                 Conj/Air       72%        1d7       2%          1
A - Static Discharge      Conj/Air       36%        2-4/arc   3%          2

Your spell library contained the following spells:

 Spells                   Type           Power      Damage    Failure   Level
 Swiftness                Air            21%        N/A       5%          3
 Slow                     Hex            4%         N/A       19%         1
 Airstrike                Air            10%        2d(2-18)  19%         4
 Confusing Touch          Hex            1%         N/A       50%         3
 Frozen Ramparts          Ice            2%         1d1       50%         3
 Vampiric Draining        Necr           1%         2d6       50%         3
 Ice Form                 Ice/Tmut       1%         N/A       88%         4
 Summon Ice Beast         Ice/Summ       1%         N/A       88%         4


Dungeon Overview and Level Annotations

Branches:
Dungeon (3/15)              Sewer (1/1)

Altars:

Shops:
D:2 **


Innate Abilities, Weirdness & Mutations

You have a beak for a mouth.
You have claws for feet.
Your magical nature lets you fly swiftly and evasively.


Message History

You are struck by an arc of lightning.
The lightning grounds out.
The ball python bites you. The ball python constricts you.
The adder bites you but does no damage. The ball python bites you.
* * * LOW HITPOINT WARNING * * *
The bullfrog misses you. The adder bites you but does no damage.
Your magical contamination has completely faded away.
Unknown command.
Casting: Static Discharge (safe; 4% risk of failure)
Confirm with . or Enter, or press ? or * to list all spells.
The bullfrog is struck by an arc of lightning.
The bullfrog is heavily wounded.
You are struck by an arc of lightning.
* * * LOW HITPOINT WARNING * * *
The bullfrog is struck by an arc of lightning.
The bullfrog is severely wounded.
The lightning grounds out.
The adder is struck by an arc of lightning.
The adder is severely wounded.
You are struck by an arc of lightning.
* * * LOW HITPOINT WARNING * * *
The ball python is struck by an arc of lightning.
You kill the ball python!
The lightning grounds out.
The bullfrog closely misses you. The adder barely misses you.
The bullfrog misses you. The adder bites you.
* * * LOW HITPOINT WARNING * * *
The ball python misses you. The ball python grabs you.
The ball python constricts you.
Casting: Static Discharge (safe; 3% risk of failure)
Confirm with . or Enter, or press ? or * to list all spells.
The bullfrog is struck by an arc of lightning.
The bullfrog is almost dead.
The bullfrog is struck by an arc of lightning.
The bullfrog is lightly wounded.
The ball python is struck by an arc of lightning.
You kill the ball python!
The lightning grounds out.
The adder is struck by an arc of lightning.
You kill the adder!
You are struck by an arc of lightning.
You die...

#≈≈≈~~~#####
#≈≈≈~~≈#
#≈≈≈~≈≈#
#≈~~~≈≈#
#≈~≈~≈≈#
#~~~≈~≈#
#≈≈~~≈≈#
#~≈~≈≈≈#
#≈≈~~≈≈#
#~~≈~≈≈#
#~#~≈≈≈#
##~~.~##
#~~≈~≈≈#
#≈~..~.#
#≈.≈≈≈≈#
#≈~..~##
#≈.≈S@F#
#≈≈≈~~~#
#≈~#≈≈F#
#≈≈≈≈≈~#
#~≈~SS≈#
#≈≈~~~≈#
#≈~~~~≈#
#≈≈~~~≈#
#≈~≈~~≈#
#≈~≈≈≈≈#
#≈≈≈~~≈#
#≈~≈≈≈≈#
#≈≈~≈≈~#
#~~~≈~~#
##..~.##
#...~~.#
.....
#......##


You could see 2 bullfrogs, an adder and 2 ball pythons.

Vanquished Creatures
  6 adders
  4 river rats (Sewer)
  A worm (D:2)
  4 dart slugs
  An orc (D:2)
  A bat zombie (D:2)
  4 endoplasms
  3 giant cockroaches (D:3)
  4 goblins
  4 hobgoblins
  4 jackals (D:2)
  2 kobolds
  4 quokkas
  13 ball pythons
  A ball python skeleton (D:2)
  3 ball python zombies (D:2)
  6 bats
  3 frilled lizards
  38 rats
106 creatures vanquished.

Notes
Turn   | Place    | Note
-------+----------+-------------------------------------------
     0 | D:1      | zishaf the Tengu Air Elementalist began the quest for the
                  | Orb.
     0 | D:1      | Reached XP level 1. HP: 10/10 MP: 4/4
   185 | D:1      | Reached XP level 2. HP: 12/16 MP: 0/6
   452 | D:1      | Reached skill level 1 in Fighting
  1103 | D:1      | Reached XP level 3. HP: 20/20 MP: 4/7
  1252 | D:2      | Learned a level 2 spell: Static Discharge
  1370 | D:2      | Found Leshodgh's Assorted Antiques.
  2176 | D:2      | Reached XP level 4. HP: 25/26 MP: 0/8
  2461 | D:2      | Found Mopno's General Store.
  2478 | D:2      | Bought a scroll of teleportation for 39 gold pieces
  2505 | D:2      | Reached skill level 5 in Air Magic
  2982 | D:3      | Found a glowing drain.
  3056 | Sewer    | Entered a sewer
  3137 | Sewer    | Gained mutation: Your magical nature lets you fly swiftly
                  | and evasively. [Tengu growth]
  3137 | Sewer    | Reached XP level 5. HP: 20/31 MP: 0/9
  3570 | Sewer    | Killed from afar by themself

Illustrated notes

Levels and vault maps discovered:
D:1:      dpeg_arrival_ternary, layout_loops_corners
D:2:      layout_basic, serial_undead, serial_undead_e, serial_undead_d,
          serial_undead_f, serial_undead_b, serial_shops, nicolae_shop_trees,
          shop
D:3:      layout_basic, portal_sewer_entry_c, serial_shops, shop
Sewer:    sewer_minmay_w

Skill      XL: |  1  2  3  4  5 |
---------------+----------------+-----
Conjurations   | 2 3 4 |  4.1
Fighting       | 1 2 |  2.8
Air Magic      | 5 |  5.7
Dodging        | |  2.1
Stealth        | |  2.0
Spellcasting   | |  2.0

Action                   |  1- 3 |  4- 6 || total
-------------------------+-------+-------++-------
Melee: Kick              |     1 |    10 ||    11
       Unarmed           |     1 |       ||     1
       War axe           |       |    43 ||    43
       Peck              |       |     5 ||     5
 Cast: Shock             |   103 |    42 ||   145
       Static Discharge  |       |    18 ||    18
  Use: Potion            |       |     1 ||     1
Armor: Robe              |     4 |    11 ||    15
Dodge: Dodged            |    11 |    66 ||    77

Table legend: (Time is in decaauts)
 A = Elapsed time spent in this place.
 B = Non-inter-level travel time spent in this place.
 C = Inter-level travel time spent in this place.
 D = Time resting spent in this place.
 E = Time spent auto-exploring this place.
 F = Levels seen in this place.
 G = Mean time per level.
                   A        B        C        D        E       F      G
               +--------+--------+--------+--------+--------+-----+--------+
         Total |   3602 |   3577 |     25 |    172 |   2833 |   4 |  900.5 |
       Dungeon |   3064 |   3039 |     25 |     65 |   2537 |   3 | 1021.3 |
         Sewer |    537 |    537 |      0 |    107 |    296 |   1 |  537.0 |
               +--------+--------+--------+--------+--------+-----+--------+

Top non-repeatable levels by time:
     D:2: 1599 daAuts
     D:1: 1213 daAuts
   Sewer: 537 daAuts
     D:3: 251 daAuts
